 Dungeon Crawl Stone Soup version 0.25.0-37-gb73750e0fb (console) character file.

Game seed: 8934741402663778222

905 Colgate the Slinger (level 7, -3/35 HPs)
             Began as a Spriggan Chaos Knight on July 8, 2020.
             Was a Plaything of Xom.
             Slain by an ice beast (13 damage)
             ... on level 6 of the Dungeon.
             The game lasted 01:02:51 (5458 turns).

Colgate the Slinger (Spriggan Chaos Knight)         Turns: 5458, Time: 01:02:55

Health: -3/35      AC:  5    Str:  8      XL:     7   Next: 80%
Magic:  8/8        EV: 19    Int:  9      God:    Xom [......]
Gold:   258        SH:  0    Dex: 16 (18) Spells: 6/6 levels left

rFire    . . .     SeeInvis +   q - +1 dagger (elec)
rCold    . . .     Gourm    .   (shield restricted)
rNeg     . . .     Faith    .   b - +2 robe
rPois    .         Spirit   .   (helmet restricted)
rElec    .         Reflect  .   g - +0 cloak
rCorr    .         Harm     .   (gloves unavailable)
MR       +....                  (boots unavailable)
Stlth    +++.......             r - amulet of regeneration
HPRegen  0.51/turn              (no ring)
MPRegen  0.11/turn              (no ring)

@: very quick
A: very small, unfitting armour, see invisible, deterioration 1, dopey 2,
herbivore, speed 3, screaming 2, slow metabolism 2, MP-powered wands
a: Renounce Religion


You were on level 6 of the Dungeon.
You worshipped Xom.
You were a very special plaything of Xom.
You were near starving.

You visited 1 branch of the dungeon, and saw 6 of its levels.

You collected 258 gold pieces.

Inventory:

Hand Weapons
 a - a +0 short sword of chaos
 h - a +0 dagger of speed
 i - a +0 hunting sling
 q - a +1 dagger of electrocution (weapon)
Missiles
 d - 115 stones
 f - 7 silver boomerangs (quivered)
 k - 35 sling bullets
Armour
 b - a +2 robe (worn)
 g - a +0 cloak (worn)
Jewellery
 r - an amulet of regeneration (around neck)
Wands
 t - a wand of enslavement (8)
Scrolls
 m - 3 scrolls of remove curse
 o - 2 scrolls of teleportation
Potions
 e - a potion of degeneration
 j - 3 potions of curing
 l - 3 potions of lignification
 n - a potion of magic
 p - 2 potions of flight
Comestibles
 c - 9 rations


   Skills:
 - Level 2.4 Fighting
 - Level 4.3 Short Blades
 + Level 9.2 Slings
 - Level 1.0(4.9) Throwing
 - Level 4.2 Dodging
 - Level 4.1 Stealth


You had 6 spell levels left.
You didn't know any spells.
Your spell library was empty.

Dungeon Overview and Level Annotations

Branches:
Dungeon (6/15)             Temple (0/1) D:4

Altars:
Ashenzari
Elyvilon
Hepliaklqana
Nemelex Xobeh
Ru
Sif Muna
Uskayaw
Vehumet
Xom

Annotations:
D:6 2 runed translucent doors


Innate Abilities, Weirdness & Mutations

You are very small and have problems with some larger weapons.
You are too small for most types of armour.
You have supernaturally acute eyesight. (SInv)
You are a herbivore.
You cover ground extremely quickly.
You need to consume almost no food.
Your body sometimes deteriorates upon taking damage.
You are very dopey. (Int -4)
You sometimes yell uncontrollably at your foes.
You expend magic power (3 MP) to strengthen your wands.


Message History

The magic dart hits you. The ice beast hits you. The ice beast freezes you!
Your body deteriorates!
You feel clumsy.
The orc priest begins to cast a cantrip, but forgets the words!
An orc warrior comes into view. It is wielding a +0 mace.
You hit the ice beast.
The ice beast is lightly wounded.
The orc wizard casts a spell at you. The magic dart hits you.
The ice beast hits you but does no damage.
The orc priest begins to cast a cantrip, but forgets the words!
You hit the ice beast but do no damage.
The ice beast is lightly wounded.
The orc wizard points at you and mumbles some strange words.
The magic dart hits you.
Your body deteriorates!
You feel clumsy. The ice beast hits you.
* * * LOW HITPOINT WARNING * * *
The ice beast freezes you!
You die...
Xom roars with laughter!

..........
#####...##
#...##
.......o
......#
....oo.#
....#....
#......#
....#....
#......#
### ####..
#......#
#.
#......# .
#Y.....###
#.@.......
.
#.........
#
#.........
#
#.........
.
##########


You could see an orc warrior, an ice beast, an orc priest and an orc wizard.

Vanquished Creatures
  An ice beast (D:5)
  A sky beast (D:5)
  A centaur (D:6)
  A scorpion (D:4)
  A hound (D:5)
  A jelly (D:5)
  A bullfrog skeleton (D:5)
  An orc priest (D:3)
  An orc wizard (D:4)
  4 worker ants
  A hound zombie (D:6)
  A hound skeleton (D:4)
  A howler monkey skeleton (D:5)
  7 adders
  8 gnolls
  3 oozes
  2 adder skeletons (D:5)
  An adder zombie (D:5)
  3 worms
  3 dart slugs
  11 orcs
  3 giant cockroaches
  7 goblins
  11 jackals
  7 quokkas
  2 ball pythons
  4 bats
  A frilled lizard (D:4)
  5 kobolds
  A quokka zombie (D:5)
  4 rats
99 creatures vanquished.

Vanquished Creatures (collateral kills)
  A naga (D:5)
1 creature vanquished.

Grand Total: 100 creatures vanquished

Notes
Turn   | Place    | Note
-------+----------+-------------------------------------------
     0 | D:1      | Colgate the Spriggan Chaos Knight began the quest for the
                  | Orb.
     0 | D:1      | Reached XP level 1. HP: 11/11 MP: 2/2
   518 | D:1      | XOM: silly message
   603 | D:1      | XOM: silly message
   685 | D:1      | Reached XP level 2. HP: 16/16 MP: 3/3
   820 | D:1      | XOM: give mutation
   820 | D:1      | Gained mutation: Your system is resistant to poisons.
                  | (rPois) [Xom's grace]
   846 | D:1      | XOM: give mutations
   846 | D:1      | Lost mutation: Your system is resistant to poisons. (rPois)
                  | [Xom's mischief]
   846 | D:1      | Gained mutation: You occasionally shout uncontrollably at
                  | your foes. [Xom's mischief]
   846 | D:1      | Gained mutation: You are dopey. (Int -2) [Xom's mischief]
   918 | D:2      | Reached skill level 1 in Stealth
   981 | D:2      | XOM: polymorph goblin -> quokka
  1004 | D:2      | XOM: noise
  1005 | D:2      | Reached skill level 2 in Slings
  1005 | D:2      | Reached XP level 3. HP: 17/19 MP: 4/4
  1247 | D:2      | XOM is BORED!
  1247 | D:2      | XOM: give mutations
  1247 | D:2      | Gained mutation: Your body sometimes deteriorates upon
                  | taking damage. [Xom's mischief]
  1247 | D:2      | Gained mutation: You are very dopey. (Int -4) [Xom's
                  | mischief]
  1247 | D:2      | Gained mutation: You sometimes yell uncontrollably at your
                  | foes. [Xom's mischief]
  1379 | D:2      | Found a radiant altar of Vehumet.
  1457 | D:2      | Reached skill level 1 in Throwing
  1567 | D:2      | XOM: noise
  1632 | D:2      | XOM: cast spell 'Call Canine Familiar'
  1637 | D:2      | Reached XP level 4. HP: 23/23 MP: 5/5
  1646 | D:2      | XOM: butterfly on damage
  1795 | D:2      | Found a faded altar of an unknown god.
  2031 | D:2      | XOM: cloud trail
  2111 | D:3      | Reached skill level 3 in Slings
  2111 | D:3      | Reached XP level 5. HP: 20/27 MP: 6/6
  2117 | D:3      | XOM: smoke on damage
  2181 | D:3      | XOM: 2-stop teleportation journey
  2340 | D:3      | XOM: divination: magic mapping
  2398 | D:3      | Reached skill level 4 in Slings
  2458 | D:3      | Noticed a +0 hand axe
  2541 | D:3      | Found a hide-covered altar of Uskayaw.
  2544 | D:3      | Noticed a +0 hand axe
  2615 | D:3      | Found a sacrificial altar of Ru.
  2636 | D:3      | XOM: enchant monster (good)
  2650 | D:3      | XOM: chaos upgrade
  2691 | D:3      | Reached skill level 5 in Slings
  3049 | D:3      | Found a hazy altar of Hepliaklqana.
  3120 | D:3      | XOM: scenery: create altars
  3271 | D:4      | XOM: cloud trail
  3358 | D:4      | Reached XP level 6. HP: 28/32 MP: 7/7
  3413 | D:4      | Found a shattered altar of Ashenzari.
  3443 | D:4      | Found a white marble altar of Elyvilon.
  3492 | D:4      | XOM: draining
  3512 | D:4      | XOM: confusion
  3514 | D:4      | Reached skill level 6 in Slings
  3564 | D:4      | XOM: 1-stop teleportation journey
  3628 | D:4      | XOM: potion effect (stabbing)
  3700 | D:4      | Found a sparkling altar of Nemelex Xobeh.
  3853 | D:4      | Reached skill level 7 in Slings
  3914 | D:4      | XOM: give mutation
  3914 | D:4      | Gained mutation: You expend magic power (3 MP) to
                  | strengthen your wands. [Xom's mischief]
  3973 | D:4      | Found a staircase to the Ecumenical Temple.
  4065 | D:4      | XOM: polymorph leopard gecko -> jackal
  4245 | D:4      | XOM: summons 4 hostile demons
  4310 | D:5      | Entered Level 5 of the Dungeon
  4315 | D:5      | Noticed an ice beast
  4315 | D:5      | XOM: torment (17/32 hp)
  4319 | D:5      | Killed an ice beast
  4319 | D:5      | Reached XP level 7. HP: 19/35 MP: 8/8
  4406 | D:5      | XOM: summons 4 hostile demons
  4455 | D:5      | XOM: give mutation
  4514 | D:5      | Reached skill level 8 in Slings
  4669 | D:5      | Found a shimmering blue altar of Sif Muna.
  4731 | D:5      | XOM: polymorph centaur -> naga
  4738 | D:5      | XOM: 9-stop teleportation journey
  5156 | D:5      | XOM: summons friendly chaos spawn
  5190 | D:5      | Reached skill level 9 in Slings
  5315 | D:6      | Found a runed translucent door.
  5316 | D:6      | Found a runed translucent gate.
  5316 | D:6      | Found a runed translucent gate.
  5326 | D:6      | Found a runed translucent door.
  5328 | D:6      | Found the +9 staff of Olgreb {rPois∞}
  5369 | D:6      | Found a runed translucent gate.
  5455 | D:6      | XOM: 1-stop teleportation journey
  5458 | D:6      | Slain by an ice beast

Illustrated notes

Levels and vault maps discovered:
D:1:      minmay_arrival_glassed_features, layout_loops_corners
D:2:      layout_basic, vehumet_crystals, chequers_ecumenical_altar_island
D:3:      layout_basic, dancing_weapons_uskayaw, lemuel_doored_altar,
          minmay_tree_intersection, nicolae_ru_awakened_eye
D:4:      minmay_evil_eye, layout_loops_cross, lemuel_round_altar,
          grunt_temple_overflow_open, minmay_temple_entry_hall, first_ration,
          kennysheep_generic_room_14
D:5:      layout_basic, old_standard_altar, kennysheep_windowed_goal
D:6:      layout_basic, kennysheep_mini_moat,
          minmay_guarded_unrand_staff_of_olgreb

Skill      XL: |  1  2  3  4  5  6  7 |
---------------+----------------------+-----
Short Blades   | 4 |  4.3
Stealth        | 2 4 |  4.1
Slings         | 2 3 5 7 9 |  9.2
Throwing       | 1 |  1.0
Dodging        | 4 |  4.2
Fighting       | |  2.4

Action                   |  1- 3 |  4- 6 |  7- 9 || total
-------------------------+-------+-------+-------++-------
Melee: Short sword       |    58 |   185 |       ||   243
       Dagger            |       |    13 |    57 ||    70
 Fire: Hunting sling     |    26 |    94 |    30 ||   150
Throw: Stone             |    16 |       |       ||    16
       Boomerang         |       |       |     1 ||     1
  Use: Scroll            |       |     7 |       ||     7
       Potion            |       |       |     3 ||     3
 Stab: Sleeping          |     2 |     4 |     4 ||    10
       Petrified         |       |     1 |       ||     1
       Paralysed         |       |     1 |       ||     1
Armor: Robe              |    19 |    32 |     7 ||    58
Dodge: Dodged            |    94 |   201 |    41 ||   336
